 Dungeon Crawl Stone Soup version 0.20.1-1-g8b1a95d (webtiles) character file.

1564 Cral the Geomancer (level 8, -13/41 HPs)
             Began as a Deep Elf Earth Elementalist on July 3, 2017.
             Mangled by n0isemaker's ghost (24 damage)
             ... on level 6 of the Dungeon.
             The game lasted 00:13:39 (6590 turns).

Cral the Geomancer (Deep Elf Earth Elementalist)    Turns: 6590, Time: 00:13:40

Health: -13/41     AC:  3    Str:  5    XL:     8   Next: 58%
Magic:  20/22      EV: 13    Int: 25    God:
Gold:   261        SH:  0    Dex: 15    Spells: 14/23 levels left

rFire    + + .     SeeInvis .   a - +0 hand axe (chop)
rCold    x . .     Gourm    .   (no shield)
rNeg     . . .     Faith    .   c - +0 robe
rPois    .         Spirit   .   (no helmet)
rElec    .         Reflect  .   (no cloak)
rCorr    .         Harm     .   m - +0 pair of gloves
MR       .....                  (no boots)
Stlth    ++........             k - amulet of magic regeneration
Regen    0.2/turn               v - ring of fire
MPRegen  0.3/turn               o - +2 ring of intelligence

@: lethally poisoned (-13 -> -18)
A: fire resistance 1, wild magic 1
a: no special abilities


You were on level 6 of the Dungeon.
You were not hungry.

You visited 1 branch of the dungeon, and saw 6 of its levels.
You also visited: Sewer.

You collected 261 gold pieces.

Inventory:

Hand Weapons
 a - a +0 hand axe of chopping (weapon)
Missiles
 n - 94 stones (quivered)
Armour
 c - a +0 robe (worn)
 m - a +0 pair of gloves (worn)
Jewellery
 k - an amulet of magic regeneration (around neck)
 o - a +2 ring of intelligence (right hand)
 r - an uncursed ring of fire
 v - a ring of fire (left hand)
Wands
 u - a wand of paralysis (2/24)
Scrolls
 g - a scroll of blinking
 i - 3 scrolls of identify
 s - 2 scrolls of fear {unknown}
 x - a scroll of teleportation {unknown}
 y - a scroll of remove curse
 z - a scroll of magic mapping {unknown}
Potions
 b - a potion of might
 f - a potion of resistance
 j - 4 potions of degeneration
 l - 2 potions of heal wounds
 t - a potion of cancellation {unknown}
 w - a potion of curing
Books
 e - a book of Geomancy

   Spells                             Type                      Level
   a - Sandblast                      Earth                        1
   b - Passwall                       Transmutation/Earth          2
   c - Stone Arrow                    Conjuration/Earth            3
   d - Petrify                        Transmutation/Earth          4
   e - Lee's Rapid Deconstruction     Earth                        5
 q - a book of Callings

   Spells                             Type                      Level
   a - Summon Small Mammal            Summoning                    1
   b - Call Imp                       Summoning                    2
   c - Call Canine Familiar           Summoning                    3
   d - Summon Guardian Golem          Hexes/Summoning              3
   e - Summon Lightning Spire         Summoning/Air                4
   f - Summon Ice Beast               Ice/Summoning                4
Comestibles
 d - 4 bread rations
 h - 4 royal jellies
 p - a meat ration


   Skills:
 + Level 3.3 Dodging
 - Level 2.4 Stealth
 - Level 8.1 Spellcasting
 - Level 2.2 Conjurations
   Level 1.1 Transmutations
 - Level 10.0 Earth Magic


You had 14 spell levels left.
You knew the following spells:

 Your Spells              Type           Power        Failure   Level  Hunger
a - Sandblast             Erth           ######       1%          1    None
b - Stone Arrow           Conj/Erth      ######       2%          3    None
c - Lee's Rapid Deconstr  Erth           ######....   4%          5    ####...


Dungeon Overview and Level Annotations

Branches:
Dungeon (6/15)
 Temple: D:4-7

Altars:
Dithmenos
Gozag
Nemelex Xobeh
Zin

Shops:
D:3 *

Annotations:
D:3 Terence
D:6 n0isemaker's ghost, novice MfGl


Innate Abilities, Weirdness & Mutations

Your flesh is heat resistant. (rF+)
Your spells are a little harder to cast, but a little more powerful.


Message History

Aim: n0isemaker's ghost, wielding a weapon of venom (moderately damaged)
The stone arrow misses n0isemaker's ghost.
N0isemaker's ghost hits you!
You are poisoned.
You feel sick. N0isemaker's ghost closely misses you.
You feel sick.
You feel sick.
You feel sick.
You feel sick.
You feel sick.
You feel sick.
You feel sick.
You feel sick.
You feel sick.
You feel sick.
You feel sick.
You feel sick.
You feel sick. N0isemaker's ghost hits you!!
Ouch! That really hurt!
You die...

..## ## .###+##.%.## ⌠.##.
##..........##.##..
+.............#....
#......##.........
#......##.........
##......#..........
#..................
#.@................ ..
#+##....##.W................
..#+##.##....####+#####..........
.......##....# #.................
.............# #..##.............
.............###..##......#......
..........................+......
.................###......##.....
.................###......##...#.


You could see n0isemaker's ghost.

Vanquished Creatures
  A black bear (D:5)
  An ice beast (D:3)
  An ogre (D:5)
  A centaur (D:6)
  2 bullfrogs (Sewer)
  3 scorpions
  A crimson imp (D:6)
  A bullfrog zombie (D:5)
  2 orc priests
  A bullfrog skeleton (D:6)
  A centaur skeleton (D:5)
  4 iguanas
  Ijyb (D:4)
  4 orc wizards
  7 worker ants
  15 adders
  13 oozes (Sewer)
  2 adder skeletons (D:4)
  3 worms (D:4)
  2 dart slugs
  8 leopard geckos
  15 orcs
  8 ball pythons (Sewer)
  17 giant cockroaches
  6 goblins
  7 hobgoblins
  4 jackals (D:6)
  10 kobolds
  3 quokkas
  7 bats
  11 frilled lizards
  A jackal skeleton (D:5)
  A leopard gecko skeleton (D:4)
  7 rats
171 creatures vanquished.

Notes
Turn   | Place    | Note
-------+----------+-------------------------------------------
     0 | D:1      | Cral the Deep Elf Earth Elementalist began the quest for the Orb.
     0 | D:1      | Reached XP level 1. HP: 10/10 MP: 6/6
   233 | D:1      | Reached skill level 4 in Earth Magic
   233 | D:1      | Reached XP level 2. HP: 15/15 MP: 6/8
   538 | D:2      | Reached XP level 3. HP: 17/19 MP: 7/9
   590 | D:2      | Reached skill level 5 in Earth Magic
   846 | D:2      | Reached XP level 4. HP: 24/24 MP: 8/10
  1265 | D:3      | Found an opulent altar of Gozag.
  1300 | D:3      | Noticed Terence
  1381 | D:2      | Learned a level 3 spell: Stone Arrow
  1478 | D:3      | Noticed an ice beast
  1484 | D:3      | Killed an ice beast
  1484 | D:3      | Reached skill level 6 in Earth Magic
  1484 | D:3      | Reached XP level 5. HP: 18/28 MP: 6/11
  1583 | D:3      | Found Gozag's Platinum Reserve.
  1715 | D:4      | Noticed Ijyb
  1720 | D:4      | Killed Ijyb
  1720 | D:4      | Reached skill level 7 in Earth Magic
  1864 | D:4      | Reached XP level 6. HP: 32/32 MP: 10/12
  1900 | D:4      | Reached skill level 8 in Earth Magic
  2274 | D:4      | Reached XP level 7. HP: 32/36 MP: 8/13
  2317 | D:4      | Found a glowing drain.
  2328 | Sewer    | Entered a sewer
  2401 | Sewer    | Reached skill level 9 in Earth Magic
  2413 | Sewer    | Learned a level 5 spell: Lee's Rapid Deconstruction
  2978 | Sewer    | Gained mutation: Your flesh is heat resistant. (rF+) [potion of mutation]
  2978 | Sewer    | Gained mutation: Your spells are a little harder to cast, but a little more powerful. [potion of mutation]
  3720 | D:4      | Found a glowing silver altar of Zin.
  3789 | D:4      | Found a shadowy altar of Dithmenos.
  3792 | D:4      | Found a sparkling altar of Nemelex Xobeh.
  3823 | D:5      | Entered Level 5 of the Dungeon
  3848 | D:5      | Reached skill level 10 in Earth Magic
  4216 | D:5      | Reached skill level 5 in Spellcasting
  4402 | D:5      | Reached XP level 8. HP: 41/41 MP: 2/17
  6563 | D:6      | Noticed n0isemaker's ghost (novice MfGl)
  6590 | D:6      | Mangled by n0isemaker's ghost

Skill      XL: |  1  2  3  4  5  6  7  8 |
---------------+-------------------------+-----
Earth Magic    | 4 5 6 7 8 10 | 10.0
Spellcasting   | 5 8 |  8.1
Conjurations   | 2 |  2.2
Dodging        | 3 |  3.3
Stealth        | |  2.4
Transmutations | |  1.1

Action                   |  1- 3 |  4- 6 |  7- 9 || total
-------------------------+-------+-------+-------++-------
Melee: Dagger            |       |     7 |    54 ||    61
       Hand axe          |       |       |    15 ||    15
 Cast: Sandblast         |    34 |    65 |    40 ||   139
       Stone Arrow       |       |       |    97 ||    97
Evoke: Wand              |       |       |     3 ||     3
  Use: Scroll            |       |     2 |     3 ||     5
       Potion            |       |       |     8 ||     8
 Stab: Sleeping          |       |     1 |       ||     1
       Paralysed         |       |       |     3 ||     3
       Invisible         |       |       |     1 ||     1
  Eat: Chunk             |       |     4 |    13 ||    17
       Bread ration      |       |       |     1 ||     1
Armor: Robe              |     2 |     1 |    30 ||    33
Dodge: Dodged            |     9 |    19 |   108 ||   136
